 Seeded DCSS version 0.30.1-3-gfc49f6343a (webtiles) character file.

Game seed: 6351066067085065685 (custom seed)

23 Esekla the Grave Robber (level 2, -1/15 HPs)
             Began as a Deep Elf Necromancer on July 26, 2023.
             Was an Initiate of Vehumet.
             Slain by a hobgoblin (3 damage)
             ... on level 1 of the Dungeon.
             The game lasted 00:05:59 (928 turns).

Esekla the Grave Robber (Deep Elf Necromancer)       Turns: 928, Time: 00:05:59

Health: -1/15      AC:  3    Str:  5    XL:     2   Next: 75%
Magic:  8/8        EV: 13    Int: 19    God:    Vehumet [......]
Gold:   99         SH:  0    Dex: 18    Spells: 6/7 levels left

rFire   . . .        m - +5 rapier of the Hero {heavy, rN+ Dex+3}
rCold   . . .        (no shield)
rNeg    + . .        a - +0 robe
rPois   .            (no helmet)
rElec   .            (no cloak)
rCorr   .            i - +0 pair of gloves
SInv    .            (no boots)
Will    .....        (no amulet)
Stlth   ++           (no ring)
HPRegen 0.22/turn    (no ring)
MPRegen 0.11/turn

%: no passive effects
@: no status effects
A: no striking features
a: Renounce Religion


You were on level 1 of the Dungeon.
You worshipped Vehumet.
Vehumet was noncommittal.
You visited 1 branch of the dungeon, and saw 4 of its levels.

You collected 99 gold pieces.

Inventory:

Hand Weapons
 m - the +5 rapier of the Hero (weapon) {heavy, rN+ Dex+3}
   (You found it on level 3 of the Dungeon)

   Dex:       It affects your dexterity (+3).
   rN:        It protects you from negative energy.
Armour
 a - a +0 robe (worn)
 i - a +0 pair of gloves (worn)
Scrolls
 e - a scroll of fear {unknown}
 f - a scroll of identify {unknown}
 h - a scroll of blinking {unknown}
 k - a scroll of amnesia {unknown}
 l - a scroll of immolation {unknown}
Potions
 b - a potion of magic
 c - a potion of curing {unknown}
 d - a potion of ambrosia {unknown}
 g - a potion of haste {unknown}
 j - a potion of attraction {unknown}
 n - 2 potions of brilliance {unknown}


   Skills:
 + Level 0.1 Short Blades
 * Level 2.8 Dodging
 + Level 2.8 Stealth
 * Level 3.2 Spellcasting
 + Level 5.3 Necromancy


You had 6 spell levels left.
You knew the following spells:

 Your Spells              Type           Power      Damage    Failure   Level
a - Necrotise             Necr           92%        1d8       1%          1

Your spell library contained the following spells:

 Spells                   Type           Power      Damage    Failure   Level
 Vampiric Draining        Necr           23%        2d7       4%          3
 Animate Dead             Necr           23%        N/A       16%         4
 Agony                    Necr           23%        N/A       41%         5


Dungeon Overview and Level Annotations

Branches:
Dungeon (4/15)
 Temple: D:4-7

Altars:
Vehumet
The Shining One

Shops:
D:2 =


Message History

a +0 short sword; 3 stones
Found a stone staircase leading down.
The ball python hisses angrily.
An endoplasm comes into view.
There is an escape hatch in the floor here.
The endoplasm quivers.
You puncture the ball python!
You kill the ball python!
Vehumet accepts your kill.
A hobgoblin comes into view.
Found 4 stones.
The hobgoblin shouts!
You hear an angry hiss.
The endoplasm hits you.
You hit the endoplasm but do no damage.
The endoplasm jiggles.
The endoplasm hits you. The hobgoblin barely misses you.
The endoplasm freezes you.
You are frozen.
You hit the endoplasm.
The endoplasm is heavily wounded.
The endoplasm barely misses you. The hobgoblin hits you.
The endoplasm freezes you.
You are frozen.
* * * LOW HITPOINT WARNING * * *
The hobgoblin barely misses you.
You barely miss the endoplasm.
The endoplasm is heavily wounded.
The endoplasm hits you but does no damage.
The hobgoblin misses you. The hobgoblin hits you.
* * * LOW HITPOINT WARNING * * *
The endoplasm hits you but does no damage.
You barely miss the endoplasm.
The endoplasm is heavily wounded.
The hobgoblin closely misses you. The endoplasm closely misses you.
The hobgoblin misses you. The endoplasm misses you.
You hit the endoplasm.
You kill the endoplasm!
Vehumet accepts your kill. The hobgoblin hits you.
You die...

....................##
>..J..........###....##
#.............###.....##
#.......................
#.....)....####...####
##..†>#...## ##..#
####.##### #..# # #.#
#..# # #@# #.># # #g#
#..#... .#.#####.######
#....J. ..............(.
....... ##..######......
....#.## ...#####.rb...
..# ###S.... .... ... #.
.### ##


You could see a hobgoblin.

Vanquished Creatures
  An adder (D:2)
  2 ball pythons (D:1)
  2 endoplasms
  A goblin (D:3)
  2 hobgoblins (D:3)
  2 bats (D:3)
  3 frilled lizards
  4 kobolds
17 creatures vanquished.

Notes
Turn   | Place    | Note
-------+----------+-------------------------------------------
     0 | D:1      | Esekla the Deep Elf Necromancer began the quest for the
                  | Orb.
     0 | D:1      | Reached XP level 1. HP: 10/10 MP: 6/6
    90 | D:1      | Reached skill level 5 in Necromancy
   339 | D:4      | Found a radiant altar of Vehumet.
   343 | D:4      | Became a worshipper of Vehumet
   419 | D:4      | Found a glowing golden altar of the Shining One.
   581 | D:3      | Reached XP level 2. HP: 15/15 MP: 8/8
   754 | D:3      | Identified the +5 rapier of the Hero {heavy, rN+ Dex+3}
   769 | D:2      | Found Renulab's Jewellery Shop.
   928 | D:1      | Slain by a hobgoblin

Illustrated notes

Levels and vault maps discovered:
D:1:      sevenhm_arrival_forest_fort_small_3, layout_rooms,
          chequers_serial_rivers_room_b, minmay_misc_feat_five
D:2:      layout_loops_ring, dreamdust_ecumenical_altar_angels_and_demons,
          serial_shops, shop
D:3:      layout_basic, grunt_temple_overflow_open, minmay_misc_feat_iff
D:4:      layout_basic, nicolae_overflow_quartered_altars, serial_shops,
          nicolae_diamond_shop

Skill      XL: |  1 |
---------------+----+-----
Necromancy     | 5 |  5.3
Short Blades   | |  0.1
Dodging        | |  2.8
Stealth        | |  2.8
Spellcasting   | |  3.2

Action                     || total
---------------------------++-------
  Melee: Short sword       ||    13
         Unarmed           ||     9
         Dagger            ||    29
         Rapier            ||     9
         Punch             ||     1
   Stab: Sleeping          ||     5
 Armour: Robe              ||    13
  Dodge: Dodged            ||    40
